 Dungeon Crawl Stone Soup version 0.29.0-4-gdea44cf6ec (webtiles) character file.

Game seed: 4416822420680859054

56 qw the Chopper (level 3, -3/21 HPs)
             Began as a Tengu Warper on Aug 28, 2022.
             Slain by an orc
             ... wielding a +0 whip of venom
              (4 damage)
             ... on level 2 of the Dungeon.
             The game lasted 00:00:10 (1993 turns).

qw the Chopper (Tengu Warper)                       Turns: 1993, Time: 00:00:10

Health: -3/21      AC:  3    Str: 13    XL:     3   Next: 95%
Magic:  7/7        EV: 12    Int: 13    God:
Gold:   123        SH:  0    Dex: 13    Spells: 6/6 levels left

rFire   . . .      SeeInvis .   Y - +0 hand axe
rCold   . . .      Faith    .   (no shield)
rNeg    . . .      Spirit   .   b - +0 leather armour
rPois   .          Reflect  .   (helmet restricted)
rElec   .          Harm     .   (no cloak)
rCorr   .          Rampage  .   (no gloves)
Will    .....                   (boots unavailable)
Stlth   +.........              (no amulet)
HPRegen 0.07/turn               (no ring)
MPRegen 0.10/turn               (no ring)

@: lethally poisoned (-3 -> -10)
A: beak, talons 3
a: no special abilities


You were on level 2 of the Dungeon.
You visited 1 branch of the dungeon, and saw 2 of its levels.

You collected 123 gold pieces.


Innate Abilities, Weirdness & Mutations

You have a beak for a mouth.
You have claws for feet.


   Skills:
 - Level 2.0 Fighting
 + Level 4.5 Axes
 - Level 1.0 Throwing
 - Level 1.1 Armour
 - Level 2.1 Dodging
 - Level 2.0 Spellcasting
 - Level 2.4 Translocations


You had 6 spell levels left.
You didn't know any spells.
Your spell library contained the following spells:

 Spells                   Type           Power      Damage    Failure   Level
 Blink                    Tloc           14%        N/A       19%         2
 Gell's Gravitas          Tloc           7%         N/A       36%         3
 Lesser Beckoning         Tloc           7%         N/A       36%         3
 Teleport Other           Tloc           7%         N/A       36%         3
 Manifold Assault         Tloc           7%         N/A       98%         5

Inventory:

Hand Weapons
 g - a +0 whip
 Y - a +0 hand axe (weapon)
Armour
 b - a +0 leather armour (worn)
 c - a +0 ring mail
Scrolls
 a - 2 scrolls of teleportation
 e - a scroll of brand weapon {unknown}
 h - a scroll of amnesia {unknown}
Potions
 d - 2 potions of resistance {unknown}
 f - a potion of haste {unknown}

Dungeon Overview and Level Annotations

Branches:
Dungeon (2/15)

Altars:


Message History

You start resting.
A hobgoblin is nearby!
The hobgoblin shouts!
You hit the hobgoblin but do no damage. The hobgoblin hits you.
You hit the hobgoblin. Your kick misses the hobgoblin.
Your peck misses the hobgoblin.
The hobgoblin is almost dead.
The hobgoblin barely misses you.
You hit the hobgoblin but do no damage. You peck the hobgoblin.
You kill the hobgoblin!
You start resting.
An orc comes into view. It is wielding a +0 club.
The orc shouts!
An orc comes into view. It is wielding a +0 club.
The orc shouts!
You hear a shout!
An orc comes into view. It is wielding a +0 trident.
You hit the orc. You claw the orc, but do no damage.
The orc is severely wounded.
The orc hits you with a +0 club.
You hit the orc.
You kill the orc!
You hit the orc. You claw the orc.
The orc is almost dead.
The orc barely misses you.
You hit the orc but do no damage. Your kick misses the orc. You peck the orc.
You kill the orc!
The orc hits you with a +0 whip of venom.
You are lethally poisoned!
Items here: ! %% ))) ? [[[.
You closely miss the orc. Your kick misses the orc. You punch the orc.
The orc is moderately wounded.
You feel very sick. The orc misses you. x2
You closely miss the orc. Your kick misses the orc.
The orc is moderately wounded.
You feel sick.
The orc hits you from afar with a +0 trident.
The orc hits you with a +0 whip of venom.
You die...

...........g.......(.
.#.##.....##..##K#....
#.##.....##..........
................#....
.............##.#....
(###.#...###.# #.... ####
#.###o#.#.###.##.#....
#......##....o#.#...)....#....
#......# ##@#.#####.#.##....
#......# #.## #.# .#####
#......# #.# #.# .....
#......######.#######.# ###.
#..................##.# #.
#..................##.# #.
#..................##.# ##
#......##############.# #
###......##############.########


You could see 2 orcs.

Vanquished Creatures
  An adder (D:2)
  A dart slug (D:1)
  3 orcs (D:2)
  5 ball pythons
  3 endoplasms
  3 giant cockroaches
  6 hobgoblins
  2 jackals (D:1)
  3 kobolds (D:1)
  A quokka (D:2)
  2 bats
  A frilled lizard (D:1)
  2 goblins (D:2)
  5 rats (D:1)
38 creatures vanquished.

Notes
Turn   | Place    | Note
-------+----------+-------------------------------------------
     0 | D:1      | qw the Tengu Warper began the quest for the Orb.
     0 | D:1      | Reached XP level 1. HP: 12/12 MP: 4/4
     0 | D:1      | 0 ||| qw: Version: 0.1-a-89-g26bdef1
     0 | D:1      | 0 ||| qw: Game counter: 2063
     0 | D:1      | 0 ||| qw: Always use a shield: true
     0 | D:1      | 0 ||| qw: God list: Okawaru
     0 | D:1      | 0 ||| qw: Allow faded altars: false
     0 | D:1      | 0 ||| qw: Do Orc after D:15 true
     0 | D:1      | 0 ||| qw: Do second Lair branch before Depths: true
     0 | D:1      | 0 ||| qw: Lair rune preference: random
     0 | D:1      | 0 ||| qw: Plans: Normal
     0 | D:1      | 0 ||| PLANNING D:1-11
    31 | D:1      | 31 ||| Stepping ~*~*~tactically~*~*~ (hiding).
   133 | D:1      | 133 ||| Stepping ~*~*~tactically~*~*~ (hiding).
   235 | D:1      | 235 ||| Stepping ~*~*~tactically~*~*~ (hiding).
   417 | D:1      | Reached XP level 2. HP: 17/17 MP: 6/6
   475 | D:1      | Reached skill level 3 in Axes
   497 | D:1      | 497 ||| Stepping ~*~*~tactically~*~*~ (stealth).
   542 | D:1      | 542 ||| Stepping ~*~*~tactically~*~*~ (stealth).
   915 | D:1      | 915 ||| DROPPING +0 club.
  1199 | D:1      | Reached XP level 3. HP: 16/21 MP: 7/7
  1462 | D:1      | 1462 ||| READING 3 scrolls labelled DAVAWO IDIS.
  1467 | D:1      | 1467 ||| READING scroll labelled VYRAOD MIAT.
  1468 | D:1      | 1468 ||| READING scroll labelled JEATHR ZYMORPH.
  1469 | D:1      | 1469 ||| DRINKING 2 glowing brown potions.
  1470 | D:1      | 1470 ||| DROPPING scroll of blinking.
  1471 | D:1      | 1471 ||| DROPPING potion of attraction.
  1485 | D:2      | Reached skill level 4 in Axes
  1509 | D:2      | 1509 ||| Stepping ~*~*~tactically~*~*~ (stealth).
  1543 | D:2      | 1543 ||| Stepping ~*~*~tactically~*~*~ (stealth).
  1872 | D:2      | 1872 ||| Stepping ~*~*~tactically~*~*~ (stealth).
  1993 | D:2      | HP: 1/21 [orc/+0 trident (5)]
  1993 | D:2      | Slain by an orc

Levels and vault maps discovered:
D:1:      onia_arrival_mini_spirals, layout_basic
D:2:      layout_basic, hellmonk_ecumenical_altar_leap_of_faith,
          minmay_misc_feat_alley, minivault_4, minmay_circle_x

Skill      XL: |  1  2  3 |
---------------+----------+-----
Axes           | 3 4 |  4.5
Fighting       | |  2.0
Throwing       | |  1.0
Armour         | |  1.1
Dodging        | |  2.1
Spellcasting   | |  2.0
Translocations | |  2.4

Action                   || total
-------------------------++-------
Melee: Hand axe          ||    87
       Kick              ||    19
       Punch             ||     2
       Peck              ||    17
Throw: Boomerang         ||     7
  Use: Scroll            ||     3
       Potion            ||     1
 Stab: Sleeping          ||     1
Armor: Leather armour    ||     9
Dodge: Dodged            ||    38

Table legend:
 A = Non-vault XP
 B = Vault XP
 C = Vault XP percentage of total XP
 D = Non-vault monster count
 E = Vault monster count
 F = Vault count percentage of total count
                 A         B        C        D         E       F
            +---------+---------+-------+---------+---------+-------
      Total |      80 |       0 |   0.0 |      38 |       0 |   0.0
            +---------+---------+-------+---------+---------+-------
        D:1 |      39 |       0 |   0.0 |      23 |       0 |   0.0
        D:2 |      41 |       0 |   0.0 |      15 |       0 |   0.0
            +---------+---------+-------+---------+---------+-------
